 Dungeon Crawl Stone Soup version 0.24.0-1-gfbc8707 (webtiles) character file.

Game seed: 6371436153390875569, levelgen mode: deterministic

541 retro the Archer (level 7, 0/61 HPs)
             Began as a Centaur Hunter on Oct 27, 2019.
             Slain by a gnoll
             ... wielding a cursed -3 spear
              (2 damage)
             ... on level 5 of the Dungeon.
             The game lasted 00:09:28 (2548 turns).

retro the Archer (Centaur Hunter)                   Turns: 2548, Time: 00:09:29

Health: 0/61       AC:  6    Str: 17    XL:     7   Next: 5%
Magic:  7/7        EV:  9    Int: 10    God:
Gold:   179        SH:  0    Dex:  9    Spells: 6/6 levels left

rFire    . . .     SeeInvis .   a - +1 shortbow
rCold    . . .     Gourm    .   (shield currently unavailable)
rNeg     . . .     Faith    .   c - +0 leather armour
rPois    .         Spirit   .   s - +0 helmet
rElec    .         Reflect  .   r - +0 cloak
rCorr    .         Harm     .   (no gloves)
MR       .....                  (no barding)
Stlth    ..........             (no amulet)
HPRegen  0.20/turn              j - ring of flight
MPRegen  0.10/turn              (no ring)

@: drained, very quick
A: large, hooves 3, deformed body, speed 2, tough skin 3
a: Evoke Flight


You were on level 5 of the Dungeon.
You were not hungry.

You visited 1 branch of the dungeon, and saw 5 of its levels.

You collected 179 gold pieces.

Inventory:

Hand Weapons
 a - a +1 shortbow (weapon)
 b - a +0 short sword
 q - a +3 quarterstaff of chaos
Missiles
 d - 3 arrows (quivered)
Armour
 c - a +0 leather armour (worn)
 r - a +0 cloak (worn)
 s - a +0 helmet (worn)
Jewellery
 j - a ring of flight (left hand)
Scrolls
 e - 2 scrolls of identify
 h - 2 scrolls of noise {unknown}
 i - 2 scrolls of remove curse {unknown}
 k - a scroll of blinking {unknown}
 n - a scroll of enchant armour {unknown}
 t - a scroll of teleportation {unknown}
 u - a scroll of fog {unknown}
 v - 2 scrolls of enchant weapon {unknown}
Potions
 g - a potion of magic
 l - a potion of might
 m - a potion of haste {unknown}
 o - a potion of brilliance
 w - 3 potions of ambrosia {unknown}
 z - a potion of resistance {unknown}
Comestibles
 f - 5 rations
 x - 3 chunks of flesh


   Skills:
 + Level 5.4(4.3) Fighting
 + Level 8.5(7.4) Bows
 - Level 2.0(1.1) Dodging
 - Level 0.4(0.0) Stealth


You had 6 spell levels left.
You didn't know any spells.
Your spell library was empty.

Dungeon Overview and Level Annotations

Branches:
Dungeon (5/15)
 Temple: D:4-7

Altars:

Shops:
D:5 %


Innate Abilities, Weirdness & Mutations

You have hooves in place of feet.
Armour fits poorly on your strangely shaped body.
You cover ground very quickly.
You have extremely tough skin. (AC +3)


Message History

You kill the gnoll!
The gnoll barely misses you.
Firing (i - inventory)
d - 6 arrows (quivered)
Press: ? - help, Shift-Dir - straight line, f - gnoll
Aim: a gnoll, wielding a -3 spear You shoot an arrow.
The arrow closely misses the gnoll.
The gnoll barely misses you.
Firing (i - inventory)
d - 5 arrows (quivered)
Press: ? - help, Shift-Dir - straight line, f/p - gnoll
Aim: a gnoll, wielding a -3 spear You shoot an arrow.
The arrow closely misses the gnoll.
The gnoll hits you from afar with a cursed -3 spear.
* * * LOW HITPOINT WARNING * * *
Firing (i - inventory)
d - 4 arrows (quivered)
Press: ? - help, Shift-Dir - straight line, f/p - gnoll
Aim: a gnoll, wielding a -3 spear You shoot an arrow.
The arrow hits the gnoll!
The gnoll is heavily wounded.
The gnoll hits you from afar with a cursed -3 spear.
You die...

g...........#########..#
#### .#.#####.#### #[.##
.#.#.....# #...#
.#.#.##### ##..## (#...#
#).)# .(..## #.#.# #...#
#.#)### #(####### #####
#..<..# #(%...!.# ##()@#
#.....#
#(......#####.g###
##.)..# #.......g(.(..##
#....# #.......#######
#....# #.......# #....#
#.......# #....#
#...(...# ######
#....)..# #.......#


You could see a gnoll.

Vanquished Creatures
  An orc priest (D:3)
  Crazy Yiuf (D:3)
  Terence (D:2)
  A hound (D:4)
  3 iguanas
  3 orc wizards (D:4)
  2 worker ants
  4 gnolls
  7 adders
  2 shadow imps (D:5)
  An ooze (D:2)
  A worm (D:3)
  3 dart slugs
  3 leopard geckos (D:3)
  23 orcs
  5 bats
  A giant cockroach (D:5)
  6 goblins
  A hobgoblin (D:3)
  3 jackals (D:3)
  5 kobolds
  3 quokkas
  5 frilled lizards
  A leopard gecko skeleton (D:3)
  2 rats
88 creatures vanquished.

Notes
Turn   | Place    | Note
-------+----------+-------------------------------------------
     0 | D:1      | retro the Centaur Hunter began the quest for the Orb.
     0 | D:1      | Reached XP level 1. HP: 17/17 MP: 1/1
   240 | D:2      | Reached XP level 2. HP: 24/24 MP: 2/2
   244 | D:2      | Noticed Terence
   312 | D:2      | Killed Terence
   312 | D:2      | Reached XP level 3. HP: 21/30 MP: 3/3
   545 | D:2      | Reached skill level 6 in Bows
   761 | D:3      | Found a runed translucent door.
   762 | D:3      | Noticed Crazy Yiuf
   796 | D:3      | Killed Crazy Yiuf
   796 | D:3      | Reached XP level 4. HP: 38/38 MP: 4/4
  1102 | D:3      | Reached XP level 5. HP: 17/46 MP: 5/5
  1172 | D:3      | Reached skill level 7 in Bows
  1584 | D:4      | Reached XP level 6. HP: 10/53 MP: 6/6
  1923 | D:4      | Reached skill level 8 in Bows
  2061 | D:4      | Reached skill level 5 in Fighting
  2168 | D:4      | Noticed a two-headed ogre
  2201 | D:5      | Entered Level 5 of the Dungeon
  2218 | D:5      | Found Abbef Cest's Food Emporium.
  2532 | D:5      | HP: 2/56 [worker ant (4)]
  2542 | D:5      | Reached XP level 7. HP: 19/61 MP: 7/7
  2544 | D:5      | HP: 3/61 [gnoll/+1 flail of draining (1)]
  2548 | D:5      | Slain by a gnoll

Levels and vault maps discovered:
D:1:      minmay_arrival_split_and_join, layout_loops_ring
D:2:      layout_basic, minmay_distorted, uniq_terence
D:3:      layout_loops_ring, uniq_crazy_yiuf_cottage
D:4:      layout_rooms, first_ration, lightli_corner_chamber
D:5:      layout_rooms, serial_shops, nicolae_shop_behind_doors, minivault_27,
          chequers_serial_rivers_marsh, uniq_sigmund

Skill      XL: |  1  2  3  4  5  6 |
---------------+-------------------+-----
Dodging        | 2 |  2.0
Bows           | 6 7 8 |  8.5
Fighting       | 3 4 5 |  5.4
Stealth        | |  0.4

Action                   |  1- 3 |  4- 6 |  7- 9 || total
-------------------------+-------+-------+-------++-------
Melee: Quarterstaff      |       |     2 |       ||     2
 Fire: Shortbow          |    66 |   256 |     6 ||   328
  Use: Potion            |       |     2 |       ||     2
       Scroll            |       |     4 |       ||     4
  Eat: Chunk             |       |     3 |       ||     3
Armor: Leather armour    |     5 |    35 |     1 ||    41
Dodge: Dodged            |    12 |    54 |     4 ||    70
